 Dungeon Crawl Stone Soup version 0.30-a0-137-gd8773701ce (webtiles) character file.

Game seed: 1127246047321426259

12420 ytrimaz the Fighter (level 11, 0/86 HPs)
             Began as a Demonspawn Gladiator on Sept 22, 2022.
             Was a Believer of Hepliaklqana.
             Slain by an unseen horror (9 damage)
             ... on level 9 of the Dungeon.
             The game lasted 00:21:13 (12678 turns).

ytrimaz the Fighter (Demonspawn Gladiator)         Turns: 12678, Time: 00:21:13

Health: 0/86       AC: 13    Str: 18    XL:     11   Next: 62%
Magic:  11/11      EV: 25    Int: 10    God:    Hepliaklqana [**....]
Gold:   3028       SH:  0    Dex: 15    Spells: 10/10 levels left

rFire   . . .      SeeInvis .    l - +0 broad axe (freeze)
rCold   . . .      Faith    .    (no shield)
rNeg    . . .      Spirit   .    p - +0 ring mail
rPois   .          Reflect  .    c - +1 helmet
rElec   .          Harm     .    (no cloak)
rCorr   .          Rampage  .    (no gloves)
Will    .....                    E - +2 pair of boots
Stlth   +.........               (no amulet)
HPRegen 0.24/turn                t - +4 ring of evasion
MPRegen 0.12/turn                r - +4 ring of evasion

@: agile, studying 2 skills
A: reduced essence, powered by death 1, powered by pain 2, sturdy frame 2,
demonic touch 2, MP-powered wands
a: Renounce Religion, Recall Ancestor, Ancestor Identity


You were on level 9 of the Dungeon.
You worshipped Hepliaklqana.
Hepliaklqana was pleased with you.
You visited 2 branches of the dungeon, and saw 11 of its levels.
You also visited: Ossuary and Bailey.

You collected 3028 gold pieces.


Innate Abilities, Weirdness & Mutations

Your life essence is reduced to manifest your ancestor. (-10% HP)
You regenerate a little health from kills.
You sometimes gain power by taking damage.
Your movements are less encumbered by armour. (ER -4)
Your touch may inflict irresistible damage on your foes.
You expend magic power (3 MP) to strengthen your wands.


   Skills:
 + Level 12.4 Fighting
 - Level 2.6 Short Blades
 + Level 9.2 Axes
 - Level 1.7 Throwing
 + Level 11.2 Armour
 - Level 2.6 Dodging


You had 10 spell levels left.
You didn't know any spells.
Your spell library contained the following spells:

 Spells                   Type           Power      Damage    Failure   Level
 Apportation              Tloc           0%         N/A       38%         1
 Magic Dart               Conj           0%         1d3       38%         1
 Blink                    Tloc           0%         N/A       52%         2
 Call Imp                 Summ           0%         N/A       52%         2
 Cigotuvi's Dreadful Rot  Necr/Pois/Air  0%         N/A       52%         2
 Poisonous Vapours        Pois/Air       0%         N/A       52%         2
 Ignite Poison            Fire/Tmut/Pois 0%         N/A       77%         3
 Mephitic Cloud           Conj/Pois/Air  0%         N/A       77%         3
 Animate Dead             Necr           0%         N/A       99%         4
 Manifold Assault         Tloc           0%         N/A       99%         4
 Sticky Flame             Conj/Fire      0%         2d3       99%         4
 Alistair's Intoxication  Tmut/Pois      0%         N/A       100%        5
 Haunt                    Necr/Summ      0%         N/A       100%        7
 Ozocubu's Refrigeration  Ice            0%         4d7       100%        7
 Storm Form               Tmut/Air       0%         N/A       100%        7
 Infestation              Necr           0%         N/A       100%        8
 Fire Storm               Conj/Fire      0%         5d1       100%        9

Inventory:

Hand Weapons
 l - a +0 broad axe of freezing (weapon)
   (You took it off an orc warrior in a bailey)
 y - a +0 battleaxe
   (You took it off an orc warrior on level 6 of the Dungeon)
 C - a +0 hand axe of draining
   (You took it off an orc on level 6 of the Dungeon)
 N - a +0 war axe of flaming
   (You found it on level 7 of the Dungeon)
Missiles
 d - 3 throwing nets (quivered)
 e - 3 javelins
Armour
 c - a +1 helmet (worn)
 p - a +0 ring mail (worn)
   (You found it on level 2 of the Dungeon)
 x - a +0 plate armour
   (You took it off an orc warrior on level 6 of the Dungeon)
 E - a +2 pair of boots (worn)
   (You found it on level 2 of the Dungeon)
 F - the +2 tower shield of the Comet {rPois rC+}
   (You took it off a kobold brigand in a bailey)

   rC:        It protects you from cold.
   rPois:     It protects you from poison.
Jewellery
 b - the ring of Hogy {rC+ Will+}
   (You found it on level 5 of the Dungeon)

   [ring of willpower]

   rC:        It protects you from cold.
   Will:      It increases your willpower.
 o - a ring of flight
   (You found it on level 2 of the Dungeon)
 r - a +4 ring of evasion (right hand)
   (You found it on level 2 of the Dungeon)
 t - a +4 ring of evasion (left hand)
   (You found it on level 6 of the Dungeon)
Wands
 a - a wand of paralysis (10)
   (You found it on level 8 of the Dungeon)
 u - a wand of flame (3)
   (You found it on level 9 of the Dungeon)
 A - a wand of iceblast (6)
   (You found it on level 6 of the Dungeon)
 D - a wand of polymorph (25)
   (You found it on level 6 of the Dungeon)
 L - a wand of acid (14)
   (You found it on level 7 of the Dungeon)
Scrolls
 g - 4 scrolls of fear
 i - 3 scrolls of amnesia
 n - a scroll of magic mapping
 q - 2 scrolls of butterflies
 s - a scroll of identify
 z - 3 scrolls of immolation
 B - a scroll of blinking
 M - a scroll of poison
Potions
 h - 8 potions of attraction
 j - 2 potions of degeneration
 k - 7 potions of curing
 m - a potion of resistance
 w - 6 potions of haste

Dungeon Overview and Level Annotations

Branches:
Dungeon (10/15) Zot: 26317  Temple (1/1) D:5 Zot: 5747 Ossuary (visited)
 Bailey (visited)
   Lair: D:8-11         Orc: D:9-12

Altars:
Ashenzari
Cheibriados
Dithmenos
Fedhas
Gozag
Hepliaklqana
Makhleb
Okawaru
Qazlal
Sif Muna
Trog
Vehumet
Wu Jian
Xom
Yredelemnul

Shops:
D:1 (   D:8 [

Annotations:
D:5 3 runed translucent doors, FizzleBang's ghost, amateur FoMo
D:7 2 transporters, NinjaNoafa's ghost, novice DrFE

#..#########.###..###.#########..
#....................#..........>
##.#######.....#..###.##...#####.
#........................#.......
.........#.....#..###....#...##..
########.#......>......#####.....
#.#######.#####...#...##.# #.#
#.# ###.#.####.# #.# #@# #...#
#.# #.# #.# ##.## #.. #.# #)#
#...# #.. #.# ###.# #...# #.> #.#
#...# #...# #.. #.#
#.#.#######.#######. #.#
#.#.##...........##. #.#
#...##.####.####.##. #######.#
#.####.# #.# #.##.


There were no monsters in sight!


Message History

Something closely misses you. Something hits you.
* * * LOW HITPOINT WARNING * * *
Deactivating autopickup; reactivate with Ctrl-A. 😱 HP[-1]
You take 1 damage, and now have 4/86 hp.
Really quaff the potion of attraction?
Okay, then.
Unknown command.
Unknown command.
Unknown command.
You feel better. 😱 HP[+7]
You regained 7 hp, and now have 11/86 hp.
Really quaff the potion of lignification?
You turn into a tree.
Your +1 helmet melds into your body.
Your +2 pair of boots melds into your body.
Your +0 ring mail melds into your body.
Your roots penetrate the ground.
Something hits you.
* * * LOW HITPOINT WARNING * * *
Something hits you but does no damage. x2 😱 HP[+6]
You now have 129 max hp (+43).
You regained 6 hp, and now have 17/129 hp.
Unknown command.
Unknown command.
You slash something! You freeze something. Something hits you.
* * * LOW HITPOINT WARNING * * *
😱 HP[-5]
You take 5 damage, and now have 12/129 hp.
You swing at nothing.
Something hits you but does no damage.
Unknown command.
Unknown command.
You barely miss something.
Something hits you but does no damage. x2 😱 HP[+1]
You swing at nothing.
Something hits you.
* * * LOW HITPOINT WARNING * * *
😱 HP[-2]
You take 2 damage, and now have 11/129 hp.
You hit something. You freeze something. Something hits you.
* * * LOW HITPOINT WARNING * * *
😱 HP[-2]
You take 2 damage, and now have 9/129 hp.
You feel better. Something hits you.
* * * LOW HITPOINT WARNING * * *
😱 HP[+10]
You regained 10 hp, and now have 19/129 hp.
Okay, then.
You cannot move.
You hit something. You freeze something. Something hits you.
* * * LOW HITPOINT WARNING * * *
Something hits you but does no damage. x2 😱 HP[-3]
You take 3 damage, and now have 16/129 hp.
You miss something. Something hits you but does no damage.
You swing at nothing.
Something hits you but does no damage. 😱 HP[+1]
You slash something! You freeze something.
Something hits you but does no damage.
You closely miss something.
Something hits you but does no damage. x2
You swing at nothing.
Something hits you but does no damage. 😱 HP[+1]
You closely miss something. Something hits you.
* * * LOW HITPOINT WARNING * * *
😱 HP[-4]
You take 4 damage, and now have 14/129 hp.
You swing at nothing.
Something hits you but does no damage. 😱 HP[+1]
You swing at nothing.
Your transformation is almost over.
You barely miss something. Something hits you but does no damage.
You swing at nothing.
Something hits you but does no damage. 😱 HP[+1]
You swing at nothing.
You completely miss something.
Something hits you but does no damage. x3
You hit something but do no damage.
Something hits you but does no damage. x2 😱 HP[+1]
You swing at nothing.
Something hits you but does no damage.
You barely miss something. Something hits you.
* * * LOW HITPOINT WARNING * * *
😱 HP[-3]
You take 3 damage, and now have 14/129 hp.
You swing at nothing.
You feel less wooden.
Your +1 helmet unmelds from your body.
Your +2 pair of boots unmelds from your body.
Your +0 ring mail unmelds from your body.
Something completely misses you. 😱 HP[-4]
You now have 86 max hp (-43).
Unknown command.
You closely miss something.
You touch something!
Something barely misses you.
You feel better. Something hits you.
* * * LOW HITPOINT WARNING * * *
Something hits you but does no damage. 😱 HP[-1]
You take 1 damage, and now have 9/86 hp.
Unknown command.
You barely miss something. Your touch misses something. Something hits you!
You die...

Skill      XL: |  1  2  3  4  5  6  7  8  9 10 11 |
---------------+----------------------------------+-----
Armour         | 1 2 3 4 5 7 9 10 11 | 11.2
Fighting       | 3 4 5 6 8 10 11 12 | 12.4
Axes           | 1 6 9 |  9.2
Short Blades   | |  2.6
Throwing       | |  1.7
Dodging        | |  2.6

Action                   |  1- 3 |  4- 6 |  7- 9 | 10-12 || total
-------------------------+-------+-------+-------+-------++-------
Melee: Rapier            |    90 |    39 |       |       ||   129
       Touch             |     8 |    35 |    77 |    57 ||   177
       Dagger            |       |   146 |   216 |    37 ||   399
       Punch             |       |       |     9 |     5 ||    14
       Hand axe          |       |       |   213 |       ||   213
       Broad axe         |       |       |       |   217 ||   217
Invok: Ancestor Identity |       |       |     2 |       ||     2
       Recall Ancestor   |       |       |     1 |       ||     1
       Ancestor Life: He |       |       |       |     1 ||     1
  Use: Scroll            |     3 |     7 |     6 |     6 ||    22
       Potion            |       |       |     7 |    14 ||    21
 Stab: Distracted        |       |       |     2 |     4 ||     6
       Sleeping          |       |       |       |     1 ||     1
       Invisible         |       |       |       |     7 ||     7
       Confused          |       |       |       |     3 ||     3
Armor: Leather armour    |    34 |     7 |       |       ||    41
       Ring mail         |       |    36 |    90 |    68 ||   194
       Skin              |       |       |   127 |    22 ||   149
Dodge: Dodged            |    72 |   165 |   452 |   304 ||   993

Levels and vault maps discovered:
D:1:      ncdulo_wetmaze, layout_basic, ebering_ecumenical_altar_sacrificial,
          serial_shops, nicolae_shop_bloodbath_and_beyond
D:2:      layout_loops_ring, kennysheep_generic_room_6
D:3:      layout_loops_ring, nicolae_overflow_hidden_temple,
          minmay_misc_feat_rows
D:4:      cheibrodos_greedy_goblins, layout_basic, mainiacjoe_overflow_catwalk
D:5:      layout_loops_corners, mainiacjoe_overflow_tiny_flanked, slow_altar_2,
          pf_just_have_faith, temple_pool_b, ebering_ghost_gozag,
          grunt_ministairs_6, minmay_misc_feat_more_columns, minmay_door_square
D:6:      layout_gridville
D:7:      minmay_the_grid_triangle_9x9_rhombus_thin
          [minmay_the_grid_triangle_9x9_zippers_horizontal,
          minmay_the_grid_triangle_9x9_prize_center,
          minmay_the_grid_triangle_9x9_empty,
          minmay_the_grid_triangle_9x9_swiss_cheese], layout_rooms,
          enter_ossuary_3, enter_bailey_2, gammafunk_ghost_stat_death,
          uniq_pikel
D:8:      layout_basic, nicolae_overflow_crystal_walls, serial_shops,
          shop_fountains
D:9:      layout_loops_ring
D:10:     cheibrodos_fzero, layout_cave_pools,
          nicolae_kikubaaqudgha_miasma_corner, special_room [special_room_bee]
Temple:   nicolae_temple_no_exploring_needed

Notes
Turn   | Place    | Note
-------+----------+-------------------------------------------
     0 | D:1      | ytrimaz the Demonspawn Gladiator began the quest for the
                  | Orb.
     0 | D:1      | Reached XP level 1. HP: 16/16 MP: 1/1
     0 | D:1      | magus.rc [v1.9.6]
    35 | D:1      | HP: 4/16 [endoplasm (1)]
    42 | D:1      | HP: 2/16 [dart slug (2)]
   504 | D:1      | Reached skill level 1 in Armour
   504 | D:1      | Gained mutation: Your touch may inflict minor irresistible
                  | damage on your foes. [demonic ancestry]
   504 | D:1      | Reached XP level 2. HP: 22/23 MP: 2/2
   849 | D:1      | Found Vaotus's Weapon Emporium.
   865 | D:1      | Found a faded altar of an unknown god.
  1104 | D:2      | Reached XP level 3. HP: 27/28 MP: 3/3
  1117 | D:2      | Reached skill level 3 in Fighting
  1309 | D:2      | Reached skill level 2 in Armour
  1549 | D:2      | Gained mutation: You sometimes gain a little power by
                  | taking damage. [demonic ancestry]
  1549 | D:2      | Reached XP level 4. HP: 34/35 MP: 4/4
  2108 | D:3      | Found an iron altar of Okawaru.
  2307 | D:3      | You pick up a book of Vapours and begin reading...
  2307 | D:3      | You add the spells Poisonous Vapours and Cigotuvi's
                  | Dreadful Rot to your library.
  2580 | D:3      | Identified a scroll of acquirement
  2580 | D:3      | Acquired 1338 gold pieces
  2821 | D:4      | You pick up a book of Party Tricks and begin reading...
  2821 | D:4      | You add the spells Apportation and Alistair's Intoxication
                  | to your library.
  3021 | D:4      | Gained mutation: Your movements are slightly less
                  | encumbered by armour. (ER -2) [demonic ancestry]
  3021 | D:4      | Reached XP level 5. HP: 42/42 MP: 5/5
  3218 | D:4      | Reached skill level 4 in Fighting
  3221 | D:4      | Reached skill level 3 in Armour
  3392 | D:4      | Found an opulent altar of Gozag.
  3667 | D:5      | Entered Level 5 of the Dungeon
  3707 | D:5      | Noticed a black bear
  3714 | D:5      | Gained mutation: You regenerate a little health from kills.
                  | [demonic ancestry]
  3714 | D:5      | Reached XP level 6. HP: 36/49 MP: 6/6
  3723 | D:5      | Reached skill level 5 in Fighting
  3723 | D:5      | Reached skill level 4 in Armour
  4179 | D:5      | Gained mutation: You sometimes gain power by taking damage.
                  | [demonic ancestry]
  4179 | D:5      | Reached XP level 7. HP: 35/56 MP: 7/7
  4265 | D:5      | Found a staircase to the Ecumenical Temple.
  4727 | D:5      | Found a runed translucent gate.
  4727 | D:5      | Found a runed translucent gate.
  4727 | D:5      | Found a runed translucent gate.
  4727 | D:5      | Found an opulent altar of Gozag.
  4730 | D:5      | Noticed FizzleBang's ghost (amateur FoMo)
  4840 | D:5      | Reached skill level 5 in Armour
  4855 | D:5      | Reached skill level 6 in Fighting
  4867 | D:5      | HP: 14/58 [acid (10)]
  4873 | Temple   | Entered the Ecumenical Temple
  5137 | D:5      | You add the spells Ignite Poison and Sticky Flame to your
                  | library.
  5341 | D:5      | Found a blossoming altar of Fedhas.
  5588 | D:5      | Identified the ring of Hogy {rC+ Will+}
  5593 | D:5      | Found a snail-covered altar of Cheibriados.
  5874 | Temple   | Became a worshipper of Hepliaklqana the Forgotten
  6043 | D:6      | Gained mutation: Your touch may inflict irresistible damage
                  | on your foes. [demonic ancestry]
  6043 | D:6      | Reached XP level 8. HP: 39/65 MP: 8/8
  6287 | D:6      | Reached skill level 7 in Fighting
  6287 | D:6      | Reached skill level 6 in Armour
  7603 | D:7      | Reached skill level 8 in Fighting
  7603 | D:7      | Reached skill level 7 in Armour
  7634 | D:7      | Noticed NinjaNoafa's ghost (novice DrFE)
  7661 | D:7      | Reached * piety under Hepliaklqana
  7663 | D:7      | Found a transporter.
  7687 | D:7      | Found a sand-covered staircase.
  7705 | Ossuary  | Entered an ossuary
  7788 | Ossuary  | Gained mutation: Your movements are less encumbered by
                  | armour. (ER -4) [demonic ancestry]
  7788 | Ossuary  | Reached XP level 9. HP: 51/67 MP: 9/9
  7910 | Ossuary  | Reached skill level 9 in Fighting
  7919 | Ossuary  | Reached skill level 8 in Armour
  8087 | D:7      | Found a transporter.
  8123 | D:7      | Noticed Pikel
  8132 | D:7      | Gained mutation: You occasionally lose the ability to drink
                  | potions when taking damage. [potion of mutation]
  8132 | D:7      | Gained mutation: You are dopey. (Int -2) [potion of
                  | mutation]
  8132 | D:7      | Gained mutation: You are frail. (-10% HP) [potion of
                  | mutation]
  8158 | D:7      | HP: 20/90 [lemure[Pikel] (3)]
  8164 | D:7      | HP: 13/90 [Pikel/+2 whip of flaming (5)]
  8167 | D:7      | Killed Pikel
  8187 | D:7      | HP: 14/62 [killer bee (5)]
  8192 | D:7      | Reached skill level 10 in Fighting
  8192 | D:7      | HP: 12/62 [poisoned by a killer bee]
  8200 | D:7      | HP: 11/62 [scorpion (1)]
  8208 | D:7      | Found a flagged portal.
  8219 | Bailey   | Entered a bailey
  8295 | Bailey   | Reached skill level 9 in Armour
  8349 | Bailey   | Reached skill level 1 in Axes
  8453 | Bailey   | Reached XP level 10. HP: 33/68 MP: 10/10
  8491 | Bailey   | Identified the +2 tower shield of the Comet {rPois rC+}
  8510 | Bailey   | Reached skill level 2 in Axes
  8518 | Bailey   | Lost mutation: You occasionally lose the ability to drink
                  | potions when taking damage. [potion of mutation]
  8518 | Bailey   | Lost mutation: You are frail. (-10% HP) [potion of
                  | mutation]
  8518 | Bailey   | Lost mutation: You are dopey. (Int -2) [potion of mutation]
  8518 | Bailey   | Gained mutation: You expend magic power (3 MP) to
                  | strengthen your wands. [potion of mutation]
  8839 | Bailey   | Found an iron altar of Okawaru.
  8913 | D:7      | You pick up a book of Death and begin reading...
  8913 | D:7      | You add the spells Animate Dead, Haunt and Infestation to
                  | your library.
  9003 | D:7      | You add the spells Blink, Manifold Assault and Storm Form
                  | to your library.
  9024 | D:7      | Acquired 1162 gold pieces
  9029 | D:7      | Acquired a manual of Axes
  9078 | D:7      | Noticed a two-headed ogre
  9078 | D:7      | Noticed a manticore
  9078 | D:7      | Noticed a green ugly thing
  9079 | D:7      | Noticed a two-headed ogre
  9079 | D:7      | Noticed a boulder beetle
  9178 | D:7      | Killed a green ugly thing
  9179 | D:7      | Reached skill level 3 in Axes
  9399 | D:7      | Killed a manticore
  9400 | D:7      | Reached skill level 4 in Axes
  9402 | D:7      | HP: 27/115 [two-headed ogre/+0 giant spiked club (6)]
  9404 | D:7      | HP: 11/115 [two-headed ogre/+0 giant spiked club (3)]
  9405 | D:7      | Killed a two-headed ogre
  9726 | D:7      | Reached skill level 11 in Fighting
  9726 | D:7      | Reached skill level 5 in Axes
  9863 | D:7      | Identified the +11 flail "Feily" {antimagic, rN+}
  9872 | D:7      | You add the spells Ozocubu's Refrigeration and Fire Storm
                  | to your library.
  9872 | D:7      | Got the Collected Works on the Wintry Pyromaniac
  9907 | D:7      | Killed a two-headed ogre
  9908 | D:7      | Reached skill level 6 in Axes
  9908 | D:7      | Reached skill level 10 in Armour
  9969 | D:7      | Killed a boulder beetle
 10268 | D:8      | Found Daraarekk's Armour Boutique.
 10389 | D:8      | Reached XP level 11. HP: 83/83 MP: 11/11
 10427 | D:8      | Reached skill level 7 in Axes
 10450 | D:8      | Reached ** piety under Hepliaklqana
 10537 | D:8      | Found a broken altar of Ashenzari.
 10894 | D:8      | Remembered your ancestor Sunngifu as a hexer
 11179 | D:9      | You pick up a book of Minor Magic and begin reading...
 11179 | D:9      | You add the spells Magic Dart, Call Imp and Mephitic Cloud
                  | to your library.
 11623 | D:9      | Reached skill level 8 in Axes
 11974 | D:10     | Entered Level 10 of the Dungeon
 11977 | D:10     | Reached skill level 12 in Fighting
 11980 | D:10     | Noticed a boulder beetle
 11987 | D:10     | HP: 8/85 [boulder beetle (39)]
 11995 | D:9      | HP: 18/85 [something (5)]
 12276 | D:10     | Killed a boulder beetle
 12277 | D:10     | Reached skill level 11 in Armour
 12284 | D:10     | Identified the -1 pair of boots "Cocomeru" {Drain rElec
                  | Int-5 SInv}
 12362 | D:10     | Noticed a purple ugly thing
 12362 | D:10     | Noticed a two-headed ogre
 12364 | D:10     | Noticed a centaur warrior
 12368 | D:10     | Reached skill level 9 in Axes
 12644 | D:10     | HP: 4/86 [acid dragon/splash of acid (21)]
 12650 | D:9      | HP: 4/86 [something (1)]
 12656 | D:9      | HP: 11/129 [something (2)]
 12665 | D:9      | HP: 14/129 [something (4)]
 12674 | D:9      | HP: 14/129 [something (3)]
 12678 | D:9      | Slain by an unseen horror

Vanquished Creatures
  2 two-headed ogres (D:7)
  A boulder beetle (D:7)
  Pikel (D:7)
  An ugly thing (D:7)
  A manticore (D:7)
  A kobold demonologist (D:9)
  An unseen horror (D:9)
  A troll (D:9)
  2 slime creatures (D:7)
  7 yaks
  3 wyverns
  A wraith (D:10)
  A steam dragon (D:8)
  A vampire mosquito (D:10)
  2 water moccasins
  2 black bears
  7 orc warriors
  2 sky beasts (D:8)
  An ice beast (D:6)
  2 ogres (D:5)
  5 centaurs
  2 lemures (D:7)
  8 kobold brigands
  3 bullfrogs
  4 wyvern zombies (Ossuary)
  A gnoll sergeant (D:9)
  A necrophage (D:5)
  2 scorpions
  3 water moccasin zombies (Ossuary)
  9 wights (D:8)
  6 killer bees
  A centaur zombie (Ossuary)
  5 jellies
  4 orc priests
  A gnoll bouda (D:5)
  3 hounds (D:5)
  An iron imp (D:5)
  5 iguanas
  5 orc wizards
  A killer bee zombie (Ossuary)
  7 mummies (Ossuary)
  A howler monkey zombie (Ossuary)
  6 gnolls
  17 adders
  3 white imps
  An ufetubus (D:5)
  3 worms
  2 dart slugs
  17 orcs
  5 ball pythons
  5 bats
  3 endoplasms
  3 giant cockroaches
  10 hobgoblins
  22 kobolds
  4 quokkas
  A frilled lizard (D:2)
  11 goblins
  3 rats
234 creatures vanquished.

Vanquished Creatures (collateral kills)
  A boulder beetle (D:10)
  A vampire (D:10)
  2 yaks (D:10)
  An orc warrior (D:10)
  A lemure (D:7)
  2 water moccasin zombies (Ossuary)
  A bullfrog zombie (Ossuary)
  3 mummies (Ossuary)
  A killer bee zombie (Ossuary)
  A howler monkey zombie (Ossuary)
  2 orcs (D:7)
  A kobold (D:10)
  An orc zombie (D:7)
18 creatures vanquished.

Vanquished Creatures (others)
  2 hexers (D:10)
  7 ancestors
  10 withered plants (Ossuary)
19 creatures vanquished.

Grand Total: 271 creatures vanquished

Table legend:
 A = Non-vault XP
 B = Vault XP
 C = Vault XP percentage of total XP
 D = Non-vault monster count
 E = Vault monster count
 F = Vault count percentage of total count
                 A         B        C        D         E       F
            +---------+---------+-------+---------+---------+-------
      Total |    9321 |    8423 |  47.5 |     176 |      73 |  29.3
            +---------+---------+-------+---------+---------+-------
        D:1 |      22 |       0 |   0.0 |      12 |       0 |   0.0
        D:2 |      64 |      20 |  23.8 |      17 |       3 |  15.0
        D:3 |      37 |       0 |   0.0 |       9 |       0 |   0.0
        D:4 |     185 |      16 |   8.0 |      20 |       8 |  28.6
        D:5 |     771 |     238 |  23.6 |      23 |       3 |  11.5
        D:6 |     846 |       0 |   0.0 |      19 |       0 |   0.0
        D:7 |     751 |    4965 |  86.9 |      16 |      10 |  38.5
        D:8 |    2496 |       0 |   0.0 |      28 |       0 |   0.0
        D:9 |    1928 |       0 |   0.0 |      15 |       0 |   0.0
       D:10 |    2221 |     785 |  26.1 |      17 |       5 |  22.7
    Ossuary |       0 |    1190 | 100.0 |       0 |      25 | 100.0
     Bailey |       0 |    1209 | 100.0 |       0 |      19 | 100.0
            +---------+---------+-------+---------+---------+-------

Illustrated notes

Table legend:
 A = Kills in this place as a percentage of kills in entire the game.
 B = Kills by you in this place as a percentage of kills by you in the entire game.
 C = Kills by friends in this place as a percentage of kills by friends in the entire game.
 D = Other kills in this place as a percentage of other kills in the entire game.
 E = Experience gained in this place as a percentage of experience gained in the entire game.
 F = Experience gained in this place divided by the number of levels of this place that you have seen.
                   A       B       C       D       E      F
               +-------+-------+-------+-------+-------+----------------------
         Total | 100.0 | 100.0 | 100.0 | 100.0 | 100.0 | 1364.9
       Dungeon |  82.3 |  84.3 |  52.9 | 100.0 |  86.5 | 1534.5
       Ossuary |  10.0 |   7.4 |  47.1 |   0.0 |   6.7 | 1190.0
        Bailey |   7.6 |   8.3 |   0.0 |   0.0 |   6.8 | 1209.0
               +-------+-------+-------+-------+-------+----------------------

Table legend: (Time is in decaauts)
 A = Elapsed time spent in this place.
 B = Non-inter-level travel time spent in this place.
 C = Inter-level travel time spent in this place.
 D = Time resting spent in this place.
 E = Time spent auto-exploring this place.
 F = Levels seen in this place.
 G = Mean time per level.
                   A        B        C        D        E       F      G
               +--------+--------+--------+--------+--------+-----+--------+
         Total |  12768 |  12131 |    637 |   1205 |   8354 |  13 |  982.2 |
       Dungeon |  11441 |  10810 |    631 |    852 |   8025 |  10 | 1144.1 |
        Temple |    252 |    246 |      6 |    224 |      0 |   1 |  252.0 |
       Ossuary |    392 |    392 |      0 |      0 |     24 |   1 |  392.0 |
        Bailey |    682 |    682 |      0 |    129 |    304 |   1 |  682.0 |
               +--------+--------+--------+--------+--------+-----+--------+

Top non-repeatable levels by time:
     D:5: 2093 daAuts
     D:7: 1618 daAuts
     D:6: 1403 daAuts
     D:9: 1338 daAuts
     D:2: 1083 daAuts
     D:8: 945 daAuts
     D:1: 944 daAuts
     D:3: 931 daAuts
     D:4: 893 daAuts
  Bailey: 682 daAuts
 Ossuary: 392 daAuts
  Temple: 252 daAuts
    D:10: 189 daAuts
